Unix xNetHack Version 7.1.0 - last build Dec 12 2022 02:22:19 (91bc4d2507b4b34ac92889b06d50a936f6bde808). Game began 2023-01-03 09:42:21, ended 2023-06-01 08:40:33. UmberConductor, chaotic male elven Priest ----- #########0 |...-#### -----# ----------- |...| |...|# |......~..| |...| |...-###################################..0..~....| |...| ##-...|# --------- |>........| -.--- # -----# |.<.....| ..........| ###### # ## |........ ------ -------.--- # # # |.......| -..... # # # # --|------ |....| #### # # # ## +..Qd-# ## ### # ### # |...(|##### # -------.-# # # |....| # # |......%|# # ## |....| # ### |.......-# # ## ------ ### --.------------- |.......| #-------.----- # |..............| |.......- #|...........| ##...............| |.......| #.(..........| |...........F..| --------- ------------- ---------------- UmberConductor the Acolyte St:13 Dx:13 Co:14 In:12 Wi:15 Ch:9 Chaotic S:483 Dlvl:4 $:41 HP:16(25) Pw:43(44) AC:4 Xp:3/73 T:1107 Latest messages: You destroy the orc zombie! You see here an uncursed orc corpse. You see here an uncursed orange gem. s - an uncursed orange gem {1}. You see here 10 uncursed crude arrows. B - 10 uncursed crude arrows {10}. The door opens. You try to move the boulder, but in vain. You hear the footsteps of a guard on patrol. There's some graffiti on the floor here. You read: "Thcy say ?hat ro?hing can ch?ngc t?? ??ct that sone poti?ns contair a ghos?.". Something is written here in the dust. You read: "a| a???rium". You see here an uncursed whistle. C - an uncursed whistle {3}. You produce a high whistling sound. You hear a door open. The little dog bites! You miss the little dog. The little dog bites! You miss the little dog. The little dog bites! You miss the little dog. The little dog bites! The little dog bites! The little dog bites the little dog. The little dog is killed! You feel better. You feel better. You stop. Your little dog is in the way! The kobold punches you! The kobold punches you! You see here an uncursed stone crude ring mail. The kobold punches you! You kill the kobold! You see here an uncursed looking glass. You see here an uncursed stone crude ring mail. D - an uncursed stone crude ring mail {218}. Never mind. You were wearing an uncursed +0 robe {15}. You finish your dressing maneuver. You are now wearing a robe. Restoring save file... Hello UmberConductor, the elven Priest, welcome back to xNetHack! Saving... Restoring save file... Hello UmberConductor, the elven Priest, welcome back to xNetHack! Really save? n Really quit? (This will end your game permanently!) y Do you want to see the dungeon overview? q Major events: Turn 1: UmberConductor the chaotic elven Priest entered the dungeon 865: attained the rank of Acolyte (level 3) 1107: quit Inventory: Inventory: 605/725 weight (29/52 slots) Coins ('$') $ - 41 gold pieces {1} Weapons (')') a - a blessed +1 copper mace (weapon in hand) {31} k - 5 uncursed +0 darts {5} l - an uncursed +0 bone orcish dagger (alternate weapon; not wielded) {3} n - a blessed +0 orcish dagger {10} x - a blessed +2 wooden elven spear (at the ready) {10} B - 10 uncursed +0 orcish arrows {10} Armor ('[') b - an uncursed +0 robe (being worn) {12} c - an uncursed +0 small shield (being worn) {23} m - an uncursed +0 orcish helm {30} D - an uncursed +0 stone orcish ring mail (being worn) {164} Comestibles ('%') e - an uncursed clove of garlic {1} f - an uncursed sprig of wolfsbane {1} o - 3 uncursed food rations {60} p - an uncursed egg {1} t - an uncursed cram ration {15} u - an uncursed fortune cookie {1} Scrolls ('?') j - an uncursed scroll of gold detection {5} r - an uncursed scroll of scare monster {5} Spellbooks ('+') g - an uncursed spellbook of healing {35} h - an uncursed spellbook of protection {35} Potions ('!') d - 4 potions of holy water {80} A - an uncursed potion of object detection {20} Rings ('=') z - an uncursed -3 ring of increase accuracy {3} Wands ('/') y - an uncursed wand of digging (0:8) {7} Tools ('(') i - an uncursed bell {30} C - an uncursed pea whistle {3} Gems/Stones ('*') s - 3 uncursed worthless pieces of orange glass {3} v - an uncursed worthless piece of blue glass {1} w - an uncursed worthless piece of violet glass {1} UmberConductor the Priest's attributes: Background: You were an Acolyte, a level 3 elven Priest. You were chaotic, on a mission for Offler who was opposed by Blind Io (lawful) and The Lady (neutral). You were bisexual. You were in the Dungeons of Doom, on level 4. You entered the dungeon 1107 turns ago. You had 73 experience points, 7 more were needed to attain level 4. Your score was 483 before end-of-game adjustments. Basics: You had 16 out of 25 hit points. You had 43 out of 44 energy points (spell power). Your armor class was 4. Your wallet contained 41 zorkmids. Autopickup was on for '$"?+!=/' plus thrown, with exceptions. Final Characteristics: Your strength was 13 (limit:18). Your dexterity was 13 (limit:18). Your constitution was 14 (limit:16). Your intelligence was 12 (limit:20). Your wisdom was 15 (limit:20). Your charisma was 9 (limit:18). Final Status: You were not hungry. You were unencumbered. You were wielding a mace. You had basic skill with mace. Final Attributes: You were devoutly aligned. You had infravision. You were guarded. You were harmed by iron. You survived. Miscellaneous: You never encountered a bones level. Total elapsed playing time was 1 hour, 29 minutes and 48 seconds. Vanquished creatures: a shrieker a little dog a giant bat an orc zombie an iguana an acid blob a coyote a large kobold 2 giant rats 2 geckos 2 jackals 2 kobolds 2 goblins 4 sewer rats 4 grid bugs 4 lichens 2 kobold zombies 4 newts 36 creatures vanquished. No species were genocided or became extinct. Voluntary challenges: You were illiterate. You never genocided any monsters. You never polymorphed an object. You never changed form. You never touched an artifact. You used no wishes. You never scared an enemy with impunity. You were celibate. You never generated conflict. Achievement: You attained the rank of Acolyte. The Dungeons of Doom: levels 1 to 4 Level 1: Some fountains. Level 2: Level 3: A fountain. Level 4: <- You were here. Goodbye UmberConductor the Priest... You quit in The Dungeons of Doom on dungeon level 4 with 483 points, and 41 pieces of gold, after 1107 moves. You were level 3 with a maximum of 25 hit points when you quit.